 Dungeon Crawl Stone Soup version 0.21.1-1-g345015fe64 (webtiles) character file.

186 Kohma the Ruffian (level 5, -6/53 HPs)
             Began as a Troll Monk on June 14, 2018.
             Killed by divine providence
             ... invoked by an orc priest
              (12 damage)
             ... on level 3 of the Dungeon.
             The game lasted 00:07:23 (1977 turns).

Kohma the Ruffian (Troll Monk)                      Turns: 1977, Time: 00:07:24

Health: -6/53      AC:  6    Str: 19    XL:     5   Next: 38%
Magic:  4/4        EV: 10    Int:  7    God:
Gold:   167        SH:  0    Dex: 12    Spells: 4/4 levels left

rFire    . . .     SeeInvis .     - Unarmed
rCold    . . .     Gourm    +   (no shield)
rNeg     . . .     Faith    .   a - +0 robe
rPois    .         Spirit   .   (helmet restricted)
rElec    .         Reflect  .   q - +0 cloak
rCorr    .         Harm     .   (gloves unavailable)
MR       .....                  (boots unavailable)
Stlth    +.........             (no amulet)
HPRegen  0.57/turn              (no ring)
MPRegen  0.09/turn              (no ring)

@: confused
A: large, unfitting armour, claws 3, fast metabolism 3, gourmand, regeneration
1, shaggy fur 1, tough skin 2
a: no special abilities


You were on level 3 of the Dungeon.
You were very full.

You visited 1 branch of the dungeon, and saw 3 of its levels.

You collected 167 gold pieces.

Inventory:

Missiles
 g - 6 javelins (quivered)
Armour
 a - a +0 robe (worn)
 j - a +0 robe
 q - a +0 cloak (worn)
Jewellery
 k - a cursed -2 ring of protection {unknown}
 m - an uncursed amulet of guardian spirit {unknown}
 r - an uncursed amulet of rage
Scrolls
 c - 2 scrolls of teleportation {unknown}
 e - 4 scrolls of identify {unknown}
 f - a scroll of remove curse {unknown}
 h - a scroll of enchant weapon {unknown}
 i - a scroll of fear {unknown}
Potions
 d - 3 potions of curing
 l - 2 potions of heal wounds {unknown}
 n - 2 potions of lignification {unknown}
 p - a potion of brilliance {unknown}
Comestibles
 b - 6 rations


   Skills:
 + Level 3.5 Fighting
 - Level 2.4 Dodging
 - Level 1.0 Stealth
 * Level 5.2 Unarmed Combat


You had 4 spell levels left.
You didn't know any spells.

Dungeon Overview and Level Annotations

Branches:
Dungeon (3/15)

Altars:


Innate Abilities, Weirdness & Mutations

You are too large for most types of armour.
You have claws for hands.
Your metabolism is lightning-fast.
You like to eat raw meat.
Your natural rate of healing is unusually fast.
You are covered in fur. (AC +1)
You have very tough skin. (AC +2)


Message History

You're too confused!
You bump into the rock wall.
Something hits you but does no damage.
The orc priest casts a cantrip, but nothing happens.
You bump into the rock wall.
You hear some strange, mumbled words.
A puff of flame appears from out of thin air!
The puff of flame misses you.
The orc priest invokes the aid of Beogh against you.
Beogh smites you!
* * * LOW HITPOINT WARNING * * *
You bump into the rock wall.
Something completely misses you.
You bump into the rock wall.
You hear some strange, mumbled words.
Something tries to affect you, but you resist.
You claw something!
Reactivating autopickup.
You feel a bit more experienced.
The orc priest invokes the aid of Beogh against you.
Beogh smites you!
You die...

..# #####...)......####.....)...#
.## #....###.###.....##########.#
.####.##.###.###.###.##########o#
...[....................{)oo.)...
###.#.##.........###.##########.#
#.......####.##### #.# #.#
#.#.#.#.##.#.##### #o# #.#
#.#.#......#.....# #.# #.#
..#.###.##.#.###@###.# #.#
###...............oo.### #####.#
..####.###.#####.###...# #.....#
#.# #.###.#.....###.#.####.#####
#)# #.#...<.........#..........#
#.####.##.....########..........#
.............##.................#
..(###.....####.###.###.........#
...# ####### #......#...........#


You could see 2 orc priests.

Vanquished Creatures
  A crimson imp (D:3)
  An orc wizard (D:3)
  6 adders
  2 worms (D:3)
  A dart slug (D:1)
  A leopard gecko (D:2)
  7 orcs (D:3)
  2 giant cockroaches (D:1)
  3 hobgoblins
  A quokka (D:2)
  A ball python (D:3)
  13 bats
  10 frilled lizards
  5 goblins
  2 kobolds
  A leopard gecko skeleton (D:3)
  10 rats
67 creatures vanquished.

Notes
Turn   | Place    | Note
-------+----------+-------------------------------------------
     0 | D:1      | Kohma the Troll Monk began the quest for the Orb.
     0 | D:1      | Reached XP level 1. HP: 22/22 MP: 0/0
   227 | D:1      | Reached XP level 2. HP: 27/29 MP: 1/1
   863 | D:2      | Reached XP level 3. HP: 33/36 MP: 2/2
   951 | D:2      | Reached skill level 4 in Unarmed Combat
  1130 | D:2      | Reached XP level 4. HP: 42/45 MP: 3/3
  1187 | D:2      | Found a faded altar of an unknown god.
  1772 | D:3      | Reached skill level 5 in Unarmed Combat
  1772 | D:3      | Reached XP level 5. HP: 50/53 MP: 4/4
  1969 | D:3      | HP: 1/53 [orc priest/divine providence (13)]
  1977 | D:3      | Killed from afar by an orc priest

Skill      XL: |  1  2  3  4 |
---------------+-------------+-----
Fighting       | 3 |  3.5
Unarmed Combat | 4 5 |  5.2
Dodging        | |  2.4
Stealth        | |  1.0

Action                   |  1- 3 |  4- 6 || total
-------------------------+-------+-------++-------
Melee: Unarmed           |    83 |    60 ||   143
       Punch             |       |     1 ||     1
 Stab: Sleeping          |     4 |     1 ||     5
  Eat: Chunk             |    16 |     7 ||    23
Armor: Robe              |    44 |    35 ||    79
Dodge: Dodged            |    40 |    35 ||    75
